 Dungeon Crawl Stone Soup version 0.30-a0-359-gd0147acb1a (webtiles) character file.

Game seed: 13000562407935481251

223 Maxmaps the Slasher (level 6, 0/47 HPs)
             Began as a Formicid Fighter on Nov 11, 2022.
             Succumbed to a scorpion's poison
             ... on level 3 of the Dungeon.
             The game lasted 00:02:07 (3091 turns).

Maxmaps the Slasher (Formicid Fighter)              Turns: 3091, Time: 00:02:08

Health: 0/47       AC:  6    Str: 20    XL:     6   Next: 20%
Magic:  6/6        EV: 10    Int: 10    God:
Gold:   157        SH:  5    Dex: 13    Spells: 5/5 levels left

rFire   . . .      SeeInvis +    k - +0 dagger (venom)
rCold   . . .      Faith    .    c - +0 buckler
rNeg    . . .      Spirit   .    b - +0 scale mail
rPois   .          Reflect  .    (helmet unavailable)
rElec   .          Harm     .    (no cloak)
rCorr   .          Rampage  .    (no gloves)
Will    .....                    (no boots)
Stlth   ..........               (no amulet)
HPRegen 0.27/turn                (no ring)
MPRegen 0.10/turn                (no ring)

@: lethally poisoned (0 -> -2)
A: permanent stasis, dig shafts and tunnels, antennae 3, four strong arms
a: Dig, Shaft Self


You were on level 3 of the Dungeon.
You visited 1 branch of the dungeon, and saw 4 of its levels.

You collected 157 gold pieces.

Inventory:

Hand Weapons
 a - a +0 long sword
 k - a +0 dagger of venom (weapon)
Armour
 b - a +0 scale mail (worn)
 c - a +0 buckler (worn)
Jewellery
 g - an amulet of magic regeneration
Scrolls
 e - a scroll of enchant weapon {unknown}
 h - 2 scrolls of teleportation {unknown}
 j - a scroll of blinking {unknown}
 m - a scroll of vulnerability {unknown}
 p - a scroll of identify {unknown}
Potions
 d - 3 potions of might
 f - 2 potions of mutation {unknown}
 i - a potion of degeneration {unknown}
 l - a potion of flight {unknown}
 n - a potion of resistance {unknown}
 o - a potion of ambrosia {unknown}
 q - a potion of curing {unknown}
 r - a potion of magic {unknown}


   Skills:
 - Level 3.2 Fighting
 - Level 5.0 Long Blades
 - Level 3.2 Armour
 + Level 2.6 Dodging
 - Level 4.0 Shields


You had 5 spell levels left.
You didn't know any spells.
Your spell library contained the following spells:

 Spells                   Type           Power      Damage    Failure   Level
 Gell's Gravitas          Tloc           0%         N/A       98%         3
 Ignite Poison            Fire/Tmut/Pois 0%         N/A       98%         3
 Kindle Blastsparks       Fire/Tloc/Air  0%         2d10      98%         3
 Lesser Beckoning         Tloc           0%         N/A       98%         3
 Teleport Other           Tloc           0%         N/A       98%         3
 Freezing Cloud           Conj/Ice/Air   0%         6-21      100%        5
 Iskenderun's Battlesphe  Conj           0%         2d6       100%        5
 Summon Forest            Summ/Tloc      0%         N/A       100%        5
 Summon Mana Viper        Hex/Summ       0%         N/A       100%        5
 Iron Shot                Conj/Erth      0%         9d1       100%        6
 Summon Cactus Giant      Summ           0%         N/A       100%        6
 Spellforged Servitor     Conj/Summ      0%         N/A       100%        7


Dungeon Overview and Level Annotations

Branches:
Dungeon (4/15)
 Temple: D:4-7

Altars:
Dithmenos
Kikubaaqudgha

Shops:
D:2 [


Innate Abilities, Weirdness & Mutations

You cannot be hasted, slowed, berserked, paralysed or teleported.
You can dig through walls and to a lower floor.
You have a pair of large antennae on your head. (SInv)
Your four strong arms can wield two-handed weapons with a shield.


Message History

The iguana bites you.
You climb upwards.
There is a stone staircase leading down here.
You hit the scorpion but do no damage.
The scorpion is poisoned.
The scorpion stings you.
The iguana bites you but does no damage.
The scorpion stings you but does no damage.
You completely miss the scorpion.
The scorpion is moderately wounded.
The scorpion stings you but does no damage.
The iguana bites you.
You hit the scorpion but do no damage.
The scorpion looks as sick as possible!
The scorpion is moderately wounded.
The scorpion stings you.
You are poisoned.
The scorpion poisons you!
You hit the scorpion but do no damage.
The scorpion is severely wounded.
You feel very sick.
You kill the scorpion!
You block the iguana's attack.
Your Dodging skill increases to level 2!
You have reached level 6!
You hit the iguana but do no damage.
The iguana is poisoned.
You feel sick. The iguana closely misses you.
You barely miss the iguana.
You feel sick. The iguana bites you!
You hit the iguana.
The iguana looks as sick as possible!
The iguana is moderately wounded.
You feel sick. The iguana bites you!
* * * LOW HITPOINT WARNING * * *
You barely miss the iguana.
The iguana is heavily wounded.
You feel sick. The iguana bites you.
* * * LOW HITPOINT WARNING * * *
You hit the iguana but do no damage.
The iguana looks as sick as possible!
The iguana is heavily wounded.
You feel sick. You block the iguana's attack.
The iguana attacks as you move away! The iguana bites you.
* * * LOW HITPOINT WARNING * * *
You die...

#..# #.### #.#.......# #..#
##.## #.#.......#
###..#########.#.## #.####.####
#..........##.###.###.# #.#
#.#.#####..#.## ##.##.####.####
#.#.# #..#..###.#............
#.#.# #..#.#.#.##.#.####.####
#.#.#####.....#>###>#.# #.# #
#.#...........@.l.....# ##.####
#.#######.....#####.### #.....#
#.# #..#.######## #...... #.#
#..#.##....## #.##.##
#.#######...##......#####.#...#
#.#.........#.)......#.........
#..........<#...†....####.#...#
###.#########........# #.##.##
#.# #........# #<##.#


You could see an iguana (extremely poisoned).

Vanquished Creatures
  A scorpion (D:3)
  Terence (D:3)
  A gnoll (D:1)
  5 adders
  A worm (D:3)
  A dart slug (D:3)
  2 orcs (D:3)
  2 bats
  6 endoplasms
  16 giant cockroaches
  4 hobgoblins (D:2)
  6 jackals
  2 quokkas
  3 ball pythons
  3 frilled lizards (D:2)
  5 goblins
  5 kobolds
  7 rats
71 creatures vanquished.

Notes
Turn   | Place    | Note
-------+----------+-------------------------------------------
     0 | D:1      | Maxmaps the Formicid Fighter began the quest for the Orb.
     0 | D:1      | Reached XP level 1. HP: 18/18 MP: 1/1
   214 | D:1      | Reached XP level 2. HP: 24/24 MP: 2/2
   456 | D:1      | Reached skill level 3 in Long Blades
   658 | D:1      | Reached XP level 3. HP: 29/29 MP: 3/3
  1083 | D:2      | Found Suixzul's Armour Shoppe.
  1226 | D:2      | Reached skill level 4 in Long Blades
  1226 | D:2      | Reached XP level 4. HP: 35/35 MP: 4/4
  2112 | D:3      | Noticed Terence
  2133 | D:3      | Killed Terence
  2134 | D:3      | Reached XP level 5. HP: 32/41 MP: 5/5
  2330 | D:3      | Reached skill level 5 in Long Blades
  2370 | D:3      | Found a faded altar of an unknown god.
  2551 | D:3      | Reached skill level 1 in Dodging
  2891 | D:3      | Found an ancient bone altar of Kikubaaqudgha.
  2891 | D:3      | Found a shadowy altar of Dithmenos.
  3086 | D:3      | Reached XP level 6. HP: 33/47 MP: 6/6
  3091 | D:3      | HP: 1/47 [iguana (4)]
  3091 | D:3      | Succumbed to a scorpion's poison

Illustrated notes

Levels and vault maps discovered:
D:1:      amcnicky_arrival_choice, layout_basic, minmay_misc_feat_x,
          minmay_tromino_v4_b
D:2:      layout_loops_corners, serial_shops, shop
D:3:      minmay_roachtagon, layout_loops_ring,
          gammafunk_temple_overflow_elements, chequers_ecumenical_altar_simple,
          uniq_terence
D:4:      layout_cave_pools, minmay_temple_entry_slanted

Skill      XL: |  1  2  3  4  5 |
---------------+----------------+-----
Long Blades    | 3 4 5 |  5.0
Dodging        | 2 |  2.6
Fighting       | |  3.2
Armour         | |  3.2
Shields        | |  4.0

Action                   |  1- 3 |  4- 6 || total
-------------------------+-------+-------++-------
Melee: Long sword        |    88 |    54 ||   142
       Dagger            |       |   129 ||   129
Armor: Scale mail        |    49 |    67 ||   116
Dodge: Dodged            |    56 |    79 ||   135
Block: Buckler           |    29 |    40 ||    69

Table legend: (Time is in decaauts)
 A = Elapsed time spent in this place.
 B = Non-inter-level travel time spent in this place.
 C = Inter-level travel time spent in this place.
 D = Time resting spent in this place.
 E = Time spent auto-exploring this place.
 F = Levels seen in this place.
 G = Mean time per level.
                   A        B        C        D        E       F      G
               +--------+--------+--------+--------+--------+-----+--------+
         Total |   3110 |   3012 |     98 |    321 |   2182 |   4 |  777.5 |
       Dungeon |   3110 |   3012 |     98 |    321 |   2182 |   4 |  777.5 |
               +--------+--------+--------+--------+--------+-----+--------+

Top non-repeatable levels by time:
     D:2: 1285 daAuts
     D:3: 961 daAuts
     D:1: 858 daAuts
     D:4: 4 daAuts
